 Dungeon Crawl Stone Soup version 0.18.1-8-gdd0e5ea (webtiles) character file.

459 sleepydude the Shield-Bearer (level 6, -7/53 HPs)
             Began as a Minotaur Fighter on June 1, 2016.
             Was an Initiate of Yredelemnul.
             Killed by divine providence
             ... invoked by an orc priest
              (14 damage)
             ... on level 4 of the Dungeon.
             The game lasted 00:09:24 (2574 turns).

sleepydude the Shield-Bearer (Minotaur Fighter)     Turns: 2574, Time: 00:09:25

Health: -7/53      AC: 12    Str: 21    XL:     6   Next: 78%
Magic:  5/5        EV:  9    Int:  5    God:    Yredelemnul [......]
Gold:   149        SH: 10    Dex: 11    Spells: 0 memorised, 5 levels left

rFire  . . .     SeeInvis .     l - +3 mace (protect)
rCold  . . .     Gourm    .     b - +0 scale mail
rNeg   . . .     Faith    .     c - +0 shield
rPois  .         Spirit   .     (helmet restricted)
rElec  .         Dismiss  .     (no cloak)
rCorr  .         Reflect  .     (no gloves)
SustAt .         Harm     .     (no boots)
MR     .....                    (no amulet)
Stlth  ..........               (no ring)
                                (no ring)

@: not resistant to hostile enchantments, extremely unstealthy
A: retaliatory headbutt, horns 2
a: Renounce Religion


You were on level 4 of the Dungeon.
You worshipped Yredelemnul.
Yredelemnul was noncommittal.
You were full.

You visited 1 branch of the dungeon, and saw 4 of its levels.

You collected 149 gold pieces.

Inventory:

Hand Weapons
 a - a +0 flail
 i - a +0 mace
 l - a +3 mace of protection (weapon)
Armour
 b - a +0 scale mail (worn)
 c - a +0 shield (worn)
 h - a +0 scale mail
 o - a +0 cloak
 p - a +0 pair of gloves
Scrolls
 e - a scroll of remove curse
 q - a scroll of identify {unknown}
 s - a scroll of recharging {unknown}
Potions
 d - a potion of might
 g - a potion of haste {unknown}
 j - a potion of lignification {unknown}
 k - 2 potions of curing {unknown}
 m - a potion of brilliance {unknown}
 r - a potion of cancellation {unknown}
Comestibles
 f - 3 bread rations
 n - a meat ration


   Skills:
 + Level 4.6 Fighting
 + Level 3.5 Maces & Flails
 + Level 5.5 Armour
 + Level 3.4 Dodging
 + Level 0.8 Stealth
 + Level 5.8 Shields


You had 5 spell levels left.
You didn't know any spells.

Dungeon Overview and Level Annotations

Branches:
Dungeon (4/15)
 Temple: D:4-7

Altars:
Vehumet
Yredelemnul


Innate Abilities, Weirdness & Mutations

You reflexively headbutt those who attack you in melee.
You have a pair of horns on your head.


Message History

You barely miss the orc priest.
The orc shouts!
The orc priest invokes the aid of Beogh against you.
Pain shoots through your body!
An orc comes into view. It is wielding a hand axe.
You barely miss the orc priest. You headbutt the orc priest.
The orc priest is moderately wounded.
The orc priest calls down the wrath of Beogh upon you.
Pain shoots through your body!
You thump the orc priest!
The orc priest is almost dead.
The orc priest invokes the aid of Beogh against you.
Beogh smites you!
* * * LOW HITPOINT WARNING * * *
The orc wizard gestures wildly while chanting.
The orc wizard blinks!
The orc priest invokes the aid of Beogh against you.
Beogh smites you!
You die...
Your body rises from the dead as a mindless zombie.

..≈.≈≈≈≈♣..P...............#
P..≈≈♣≈≈.P.#..............##
...♣≈≈≈..P.##.....##.....##
##...♣..♣>.##...##########
...........##.###
..............#
........##..#####
................########...
...........####.@.oS..oo...
........#### #########o...
..<.....# . .......##
......## ####### .# .# .#


You could see an orc priest, an adder and 3 orcs.

Vanquished Creatures
  The ghost of Kook the Skirmisher, an amateur DrFi of Gozag (D:4)
  The ghost of Frank2368 the Insei, an amateur OpTm of Yredelemnul (D:3)
  An orc wizard (D:4)
  4 gnolls (D:3)
  2 adders (D:2)
  3 worms (D:2)
  3 dart slugs (D:1)
  A giant gecko (D:1)
  5 orcs (D:4)
  A ball python (D:1)
  4 giant cockroaches
  2 gnoll zombies (D:4)
  8 goblins
  3 hobgoblins
  A quokka (D:2)
  9 bats
  4 giant newts
  6 kobolds
  A quokka skeleton (D:4)
  14 rats
74 creatures vanquished.

Notes
Turn   | Place    | Note
--------------------------------------------------------------
     0 | D:1      | sleepydude the Minotaur Fighter began the quest for the Orb.
     0 | D:1      | Reached XP level 1. HP: 19/19 MP: 0/0
   135 | D:1      | Reached XP level 2. HP: 27/27 MP: 1/1
   341 | D:1      | Reached XP level 3. HP: 32/33 MP: 2/2
   901 | D:2      | Reached skill level 1 in Dodging
  1288 | D:2      | Reached XP level 4. HP: 40/40 MP: 3/3
  1314 | D:2      | Found a radiant altar of Vehumet.
  1730 | D:3      | Noticed Frank2368's ghost (amateur OpTm)
  1734 | D:3      | Killed Frank2368's ghost
  1734 | D:3      | Reached skill level 5 in Shields
  1734 | D:3      | Reached XP level 5. HP: 46/46 MP: 4/4
  2080 | D:4      | Noticed Kook's ghost (amateur DrFi)
  2119 | D:4      | Killed Kook's ghost
  2119 | D:4      | Reached skill level 5 in Armour
  2119 | D:4      | Reached XP level 6. HP: 11/53 MP: 5/5
  2398 | D:4      | Found Umaxkupn's Armour Shop.
  2504 | D:4      | Found a basalt altar of Yredelemnul.
  2512 | D:4      | Became a worshipper of Yredelemnul the Dark
  2574 | D:4      | Killed from afar by an orc priest

Skill      XL: |  1  2  3  4  5 |
---------------+----------------+-----
Armour         | 4 5 |  5.5
Fighting       | 4 |  4.6
Shields        | 4 5 |  5.8
Dodging        | 1 2 3 |  3.4
Maces & Flails | 3 |  3.5
Stealth        | |  0.8

Action                   |  1- 3 |  4- 6 || total
-------------------------+-------+-------++-------
Melee: Flail             |    64 |       ||    64
       Headbutt          |    15 |    16 ||    31
       Mace              |    37 |    87 ||   124
  Use: Scroll            |     3 |       ||     3
       Potion            |       |     1 ||     1
  Eat: Pizza             |     1 |     2 ||     3
       Meat ration       |       |     1 ||     1
Armor: Scale mail        |    49 |    53 ||   102
Dodge: Dodged            |    24 |    32 ||    56
Block: Shield            |    67 |    54 ||   121
